 Dungeon Crawl Stone Soup version 0.30-a0-459-g9104f0fc43 (webtiles) character file.

Game seed: 3527529951701074810

1844 lokiplouj the Cudgeller (level 8, -4/65 (74) HPs)
             Began as a Minotaur Berserker on Dec 15, 2022.
             Was an Elder of Trog.
             Slain by a wight
             ... wielding a +5 mace
              (8 damage)
             ... on level 6 of the Dungeon.
             The game lasted 00:06:08 (4433 turns).

lokiplouj the Cudgeller (Minotaur Berserker)        Turns: 4433, Time: 00:06:09

HP:   -4/65 (74)    AC: 13    Str: 34    XL:     8   Next: 88%
MP:   7/7           EV: 10    Int:  4    God:    Trog [****..]
Gold: 337           SH:  0    Dex: 12    Spells: 7/7 levels left

rFire   . . .      SeeInvis .    a - +1 mace
rCold   . . .      Faith    .    (no shield)
rNeg    . . .      Spirit   .    K - +0 plate armour
rPois   .          Reflect  .    (helmet restricted)
rElec   .          Harm     .    (no cloak)
rCorr   .          Rampage  .    (no gloves)
Will    .....                    (no boots)
Stlth   ..........               (no amulet)
HPRegen 0.30/turn                H - +6 ring of strength
MPRegen 0.10/turn                n - +6 ring of strength

@: heavily drained
A: horns 2, retaliatory headbutt
a: Renounce Religion, Berserk, Trog's Hand, Brothers in Arms


You were on level 6 of the Dungeon.
You worshipped Trog.
Trog was greatly pleased with you.
You visited 1 branch of the dungeon, and saw 6 of its levels.

You collected 337 gold pieces.

Inventory:

Hand Weapons
 a - a +1 mace (weapon)
Missiles
 l - a throwing net (quivered)
 J - 6 javelins
Armour
 b - a +0 animal skin
 s - the +2 leather armour "Okkaonom" {Harm rCorr}
   (You found it on level 2 of the Dungeon)

   rCorr:     It protects you from acid and corrosion.
   Harm:      It increases damage dealt and taken.
 K - a +0 plate armour (worn)
Jewellery
 d - a ring of flight
 h - a +4 ring of evasion
 n - a +6 ring of strength (right hand)
 o - an amulet of magic regeneration
 z - a ring of ice
 H - a +6 ring of strength (left hand)
Wands
 y - a wand of light (8)
Scrolls
 f - 3 scrolls of fog
 g - a scroll of enchant weapon
 m - a scroll of teleportation
 q - 4 scrolls of noise
 r - a scroll of immolation
 u - a scroll of blinking
 v - a scroll of magic mapping
 A - 2 scrolls of enchant armour
 B - 2 scrolls of poison
 D - 2 scrolls of silence
 F - a scroll of amnesia
Potions
 e - 2 potions of curing {unknown}
 i - 2 potions of heal wounds {unknown}
 j - 4 potions of brilliance {unknown}
 k - 2 potions of mutation {unknown}
 p - 2 potions of degeneration {unknown}
 t - 3 potions of lignification {unknown}
 w - a potion of cancellation
 x - 3 potions of attraction {unknown}
 C - a potion of resistance {unknown}
 E - a potion of flight {unknown}
 G - a potion of invisibility {unknown}
 I - a potion of magic {unknown}


   Skills:
 + Level 7.8 Fighting
 + Level 7.8 Maces & Flails
 + Level 7.3 Armour
 + Level 6.6 Dodging


You had 7 spell levels left.
You didn't know any spells.
Your spell library was empty.

Dungeon Overview and Level Annotations

Branches:
Dungeon (6/15)             Temple (0/1) D:4

Altars:

Shops:
D:5 ?


Innate Abilities, Weirdness & Mutations

You have a pair of horns on your head.
You reflexively headbutt those who attack you in melee.


Message History

There are monsters nearby!
You closely miss the wight. Your headbutt misses the wight.
The wight is almost destroyed.
The wight hits you with a +5 mace!
You feel drained. The wight hits you but does no damage.
Unknown command.
You barely miss the wight. Your headbutt misses the wight.
The wight is almost destroyed.
The wight hits you with a +5 mace.
You feel drained.
The wight hits you with a +3 great sword.
You feel drained.
The wight hits you with a +2 short sword.
You feel drained.
There are monsters nearby!
You hit the wight.
You destroy the wight!
Trog accepts your kill. The wight hits you with a +5 mace.
The wight completely misses you.
Unknown command.
You barely miss the wight. Your headbutt misses the wight.
The wight hits you but does no damage.
The wight hits you with a +3 great sword!
There are monsters nearby!
You barely miss the wight. The wight hits you with a +5 mace!
You feel drained. The wight misses you.
You are too injured to fight recklessly!
There are monsters nearby!
You are too injured to fight recklessly!
You barely miss the wight. The wight hits you with a +5 mace.
The wight hits you but does no damage.
You hit the wight.
The wight is lightly damaged.
The wight hits you with a +5 mace!
* * * LOW HITPOINT WARNING * * *
The wight hits you with a +3 great sword!
* * * LOW HITPOINT WARNING * * *
You hit the wight.
The wight is moderately damaged.
The wight hits you with a +5 mace!
You die...

..).##.########.###.#
###.##.##..>........#
# #.##.##.....>..#
###.#............#
.................# #
.................# .#
##....#..........# ..#
...##)##........z#...#
................@z...#
#####...#.......)#...#
##..###..#####.?.#
#####.###... ..#
##......##.# ###
...####.##.# ####
#....# # #..###
#######..####.#


You could see 2 wights.

Vanquished Creatures
  Sigmund (D:3)
  An orc warrior (D:6)
  2 ice beasts (D:6)
  2 black bears
  A phantom (D:6)
  2 ogres (D:6)
  3 centaurs
  A scorpion (D:6)
  A wight (D:6)
  A howler monkey (D:5)
  2 jellies (D:6)
  2 orc priests (D:6)
  4 hounds
  3 iguanas
  An orc wizard (D:3)
  6 gnolls
  7 adders
  A worm (D:2)
  6 dart slugs
  18 orcs
  6 bats
  8 endoplasms
  2 giant cockroaches
  8 goblins
  7 hobgoblins
  4 jackals
  13 kobolds
  A quokka (D:1)
  7 ball pythons
  9 rats
130 creatures vanquished.

Vanquished Creatures (others)
  A withered plant (D:2)
1 creature vanquished.

Grand Total: 131 creatures vanquished

Notes
Turn   | Place    | Note
-------+----------+-------------------------------------------
     0 | D:1      | lokiplouj the Minotaur Berserker began the quest for the
                  | Orb.
     0 | D:1      | Reached XP level 1. HP: 19/19 MP: 0/0
    27 | D:1      | Reached XP level 2. HP: 22/27 MP: 1/1
   254 | D:1      | Reached XP level 3. HP: 33/33 MP: 2/2
   493 | D:2      | Reached ** piety under Trog
   494 | D:2      | Reached XP level 4. HP: 41/41 MP: 3/3
   507 | D:2      | Found a faded altar of an unknown god.
  1130 | D:2      | Identified the +2 leather armour "Okkaonom" {Harm rCorr}
  1174 | D:3      | Reached XP level 5. HP: 41/47 MP: 4/4
  1213 | D:3      | Noticed Sigmund
  1224 | D:3      | Killed Sigmund
  1225 | D:3      | Reached skill level 5 in Fighting
  1225 | D:3      | Reached skill level 5 in Maces & Flails
  1225 | D:3      | Reached XP level 6. HP: 56/56 MP: 5/5
  1412 | D:3      | Reached *** piety under Trog
  2043 | D:4      | Found a staircase to the Ecumenical Temple.
  2123 | D:4      | Reached skill level 5 in Armour
  2129 | D:4      | Reached XP level 7. HP: 26/62 MP: 6/6
  2459 | D:5      | Entered Level 5 of the Dungeon
  2855 | D:5      | Found Hoaqiw's Magic Scroll Emporium.
  3056 | D:5      | Reached skill level 5 in Dodging
  3673 | D:6      | Reached XP level 8. HP: 54/71 MP: 7/7
  3900 | D:6      | Reached **** piety under Trog
  4433 | D:6      | Slain by a wight

Illustrated notes

Levels and vault maps discovered:
D:1:      psy_arrival_dodecagon, layout_rooms
D:2:      layout_basic, ebering_ecumenical_altar_petrified, minmay_circled_x
D:3:      layout_basic, minmay_pentangle, uniq_sigmund
D:4:      layout_rooms, temple_statues
D:5:      layout_basic, serial_shops, shop_scrolls
D:6:      layout_rooms

Skill      XL: |  1  2  3  4  5  6  7  8 |
---------------+-------------------------+-----
Fighting       | 4 5 6 7 |  7.8
Maces & Flails | 4 5 6 7 |  7.8
Armour         | 3 4 5 6 7 |  7.3
Dodging        | 3 4 5 6 |  6.6

Action                   |  1- 3 |  4- 6 |  7- 9 || total
-------------------------+-------+-------+-------++-------
Melee: Mace              |    52 |   120 |    92 ||   264
       Headbutt          |     9 |    27 |    16 ||    52
       Punch             |       |     1 |       ||     1
Invok: Berserk           |       |     1 |     2 ||     3
  Use: Scroll            |       |    10 |     2 ||    12
Armor: Animal skin       |     7 |     5 |       ||    12
       Leather armour    |       |     7 |    23 ||    30
       Plate armour      |       |       |     4 ||     4
Dodge: Dodged            |    32 |   106 |    70 ||   208

Table legend: (Time is in decaauts)
 A = Elapsed time spent in this place.
 B = Non-inter-level travel time spent in this place.
 C = Inter-level travel time spent in this place.
 D = Time resting spent in this place.
 E = Time spent auto-exploring this place.
 F = Levels seen in this place.
 G = Mean time per level.
                   A        B        C        D        E       F      G
               +--------+--------+--------+--------+--------+-----+--------+
         Total |   4483 |   4399 |     84 |    336 |   3330 |   6 |  747.2 |
       Dungeon |   4483 |   4399 |     84 |    336 |   3330 |   6 |  747.2 |
               +--------+--------+--------+--------+--------+-----+--------+

Top non-repeatable levels by time:
     D:5: 1048 daAuts
     D:6: 939 daAuts
     D:2: 760 daAuts
     D:3: 744 daAuts
     D:4: 574 daAuts
     D:1: 416 daAuts
